 Dungeon Crawl Stone Soup version 0.28-a0-1199-gef9e1dbd39 (webtiles) character file.

Game seed: 10092182599687628410

13561 fragbeetle the Spear-Bearer (level 12, -1/97 HPs)
             Began as a Merfolk Gladiator on Dec 19, 2021.
             Was a High Priest of Okawaru.
             Slain by an orc priest (3 damage)
             ... led by an orc knight
             ... on level 1 of the Orcish Mines.
             The game lasted 00:46:51 (14454 turns).

fragbeetle the Spear-Bearer (Merfolk Gladiator)    Turns: 14454, Time: 00:46:53

Health: -1/97      AC: 10    Str: 18    XL:     12   Next: 7%
Magic:  15/15      EV: 16    Int:  9    God:    Okawaru [*****.]
Gold:   544        SH:  0    Dex: 15    Spells: 11/16 levels left

rFire   . . .      SeeInvis .   G - +4 spear (spect)
rCold   . . .      Faith    .   (no shield)
rNeg    . . .      Spirit   .   j - +0 ring mail
rPois   .          Reflect  .   l - +0 helmet
rElec   .          Harm     .   (no cloak)
rCorr   +          Rampage  .   e - +0 pair of gloves
Will    .....                   i - +0 pair of boots
Stlth   +.........              E - amulet of the acrobat
HPRegen 0.26/turn               c - +4 ring of slaying
MPRegen 0.14/turn               X - ring of resist corrosion

@: no status effects
A: (nimble swimmer 2), mertail
a: Renounce Religion, Heroism, Finesse, Duel


You were on level 1 of the Orcish Mines.
You worshipped Okawaru.
Okawaru was extremely pleased with you.
You visited 3 branches of the dungeon, and saw 13 of its levels.

You collected 580 gold pieces.
You spent 36 gold pieces at shops.

Inventory:

Hand Weapons
 a - a +0 trident
 G - a +4 spectral spear (weapon)
 M - a +1 trident
 N - a +2 glaive of venom
Missiles
 d - 4 throwing nets
 o - 14 boomerangs (quivered)
 s - 50 poisoned darts
 t - 315 stones
 K - 8 curare-tipped darts
 P - 2 atropa-tipped darts
Armour
 b - the +0 robe "Xixesm" {Fly Dex+2}
   (You took it off a kobold on level 8 of the Dungeon)

   Dex:       It affects your dexterity (+2).
   Fly:       It grants you flight.
 e - a +0 pair of gloves (worn)
 i - a +0 pair of boots (worn)
 j - a +0 ring mail (worn)
 l - a +0 helmet (worn)
 Q - a scarf of shadows
 U - a +0 troll leather armour
Magical Staves
 H - a staff of cold
Jewellery
 c - a +4 ring of slaying (left hand)
 h - a ring of positive energy
 E - an amulet of the acrobat (around neck)
 L - a ring of magical power
 S - a ring of flight
 X - a ring of resist corrosion (right hand)
Wands
 y - a wand of iceblast (3)
 B - a wand of flame (18)
 I - a wand of mindburst (16)
 W - a wand of digging (6)
Scrolls
 g - a scroll of vulnerability {unknown}
 k - 5 scrolls of teleportation
 m - a scroll of enchant weapon {unknown}
 p - 3 scrolls of blinking
 q - 2 scrolls of fear {unknown}
 r - a scroll of amnesia {unknown}
 v - a scroll of brand weapon
 x - a scroll of fog {unknown}
 C - 3 scrolls of magic mapping
 F - a scroll of silence
 V - a scroll of holy word {unknown}
Potions
 f - a potion of heal wounds {unknown}
 n - 3 potions of flight
 u - a potion of haste
 w - 2 potions of attraction {unknown}
 z - a potion of resistance {unknown}
 A - 4 potions of curing
 D - a potion of cancellation {unknown}
 J - a potion of brilliance {unknown}
 O - a potion of might {unknown}
 R - 2 potions of lignification
Miscellaneous
 T - a box of beasts


   Skills:
 + Level 9.6 Fighting
 + Level 12.8 Polearms
 + Level 4.3 Throwing
 + Level 6.4 Armour
 - Level 10.7 Dodging
 + Level 2.5 Spellcasting
 + Level 6.9 Translocations


You had 11 spell levels left.
You knew the following spells:

 Your Spells              Type           Power      Damage    Failure   Level
a - Blink                 Tloc           26%        N/A       4%          2
b - Gell's Gravitas       Tloc           13%        N/A       9%          3

Your spell library contained the following spells:

 Spells                   Type           Power      Damage    Failure   Level
 Lesser Beckoning         Tloc           13%        N/A       9%          3
 Teleport Other           Tloc           13%        N/A       9%          3
 Slow                     Hex            4%         N/A       47%         1
 Manifold Assault         Tloc           13%        N/A       63%         5
 Confusing Touch          Hex            1%         N/A       85%         3
 Vampiric Draining        Necr           1%         2d6       85%         3


Dungeon Overview and Level Annotations

Branches:
Dungeon (11/15)            Temple (1/1) D:7            Lair (0/6) D:11
    Orc (1/2) D:10

Altars:
Ashenzari
Dithmenos
Elyvilon
Fedhas
Okawaru
Qazlal
Trog
Uskayaw
Wu Jian
The Shining One

Shops:
Orc:1 !

Annotations:
D:9 2 transporters, Triskal's ghost, journeyman DjGl


Innate Abilities, Weirdness & Mutations

((You are quick and stealthy near water. (Stealth+, EV+, Speed+++)))
Your lower body shifts to a powerful aquatic tail in water.


Message History

Your +4 spectral spear fades away.
The orc priest closely misses you.
The orc knight unwields a +0 arbalest.
The orc knight wields a +3 dire flail.
The orc knight completely misses you.
Things that are here:
a +0 robe; a +0 dagger You hit the orc knight but do no damage.
Your +4 spectral spear hits the orc knight but does no damage.
The orc priest closely misses you.
You completely miss the orc knight.
Your +4 spectral spear closely misses the orc knight.
You hit the orc knight.
The orc knight is lightly wounded.
Your +4 spectral spear misses the orc knight.
The orc knight hits you with a +3 dire flail!!
The orc priest closely misses you.
You hit the orc knight.
The orc knight is lightly wounded.
Your +4 spectral spear hits the orc knight.
You hit the orc knight but do no damage.
The orc knight is lightly wounded.
Your +4 spectral spear hits the orc knight.
The orc knight barely misses you. The orc priest closely misses you.
You hit the orc knight but do no damage.
The orc knight is lightly wounded.
Your +4 spectral spear hits the orc knight but does no damage.
You hit the orc knight.
The orc knight is moderately wounded.
Your +4 spectral spear hits the orc knight but does no damage.
The orc knight hits you with a +3 dire flail!!
The orc priest closely misses you.
You puncture the orc knight!
The orc knight is moderately wounded.
Your +4 spectral spear hits the orc knight.
You hit the orc knight.
The orc knight is heavily wounded.
Your +4 spectral spear hits the orc knight.
The orc knight hits you with a +3 dire flail!!
* * * LOW HITPOINT WARNING * * *
The orc priest hits you from afar with a +0 trident.
You die...

..............>........#
..)....................#
...##o.........##......###
.#####....♣...####.......#
..# ##......#####......>.#
....#....♣∩♣...#......#.##
..(............#......###
.......#..♣....(.[o÷###
.......##.##...o@[)<.#
........####.....))###
......... ##......#
.......... #.#...##
.........$. ###.###
...#.....### #.#
...##..... ###


You could see an orc knight, an orc priest (strong) and a friendly +4 spectral
spear (summoned).

Vanquished Creatures
  A boulder beetle (D:7)
  3 two-headed ogres
  Nergalle (D:10)
  Pikel (D:8)
  A cyclops (D:10)
  A manticore (D:8)
  2 trolls
  A hornet (D:9)
  Sigmund (D:4)
  15 yaks
  A shadow (D:10)
  A wyvern (D:7)
  Eustachio (D:4)
  A vampire mosquito (D:11)
  A warg (Orc:1)
  2 acid dragons
  A water moccasin (D:11)
  Duvessa (D:4)
  6 orc warriors
  A sky beast (D:4)
  5 ice beasts
  2 black bears (D:11)
  6 ogres
  A necrophage (D:9)
  7 centaurs
  A phantom (D:10)
  A lemure (D:8)
  2 kobold brigands (D:8)
  7 bullfrogs
  A wyvern zombie (D:9)
  2 gnoll sergeants
  2 scorpions
  2 water moccasin skeletons
  Dowan (D:4)
  2 troll zombies (D:10)
  6 wights (D:9)
  An electric eel (D:7)
  4 centaur zombies
  3 hounds
  A jelly (D:6)
  5 orc priests
  A gnoll shaman (D:7)
  Jessica (D:2)
  3 iguanas
  7 orc wizards
  6 ogre zombies (D:10)
  2 hound skeletons
  3 mummies (D:9)
  3 howler monkey zombies
  Robin (D:4)
  18 gnolls
  A howler monkey skeleton (D:4)
  3 adders
  2 shadow imps
  A white imp (D:6)
  An ufetubus (D:5)
  2 worms (D:2)
  4 dart slugs
  25 orcs
  10 ball pythons
  7 endoplasms
  4 giant cockroaches (D:3)
  9 goblins
  9 hobgoblins
  5 jackals
  2 quokkas
  4 bats
  A frilled lizard (D:1)
  4 goblin zombies (D:10)
  2 hobgoblin skeletons (D:10)
  6 hobgoblin zombies (D:10)
  17 kobolds
  2 orc skeletons (D:10)
  11 orc zombies (D:10)
  4 rats (D:1)
286 creatures vanquished.

Vanquished Creatures (others)
  30 fungi (D:11)
  29 plants (D:11)
59 creatures vanquished.

Grand Total: 345 creatures vanquished

Notes
Turn   | Place    | Note
-------+----------+-------------------------------------------
     0 | D:1      | fragbeetle the Merfolk Gladiator began the quest for the
                  | Orb.
     0 | D:1      | Reached XP level 1. HP: 16/16 MP: 1/1
   416 | D:1      | Reached XP level 2. HP: 23/23 MP: 2/2
  1092 | D:2      | Reached XP level 3. HP: 15/28 MP: 3/3
  1324 | D:2      | Noticed Jessica
  1347 | D:2      | Killed Jessica
  1348 | D:2      | Reached skill level 5 in Polearms
  1348 | D:2      | Reached skill level 1 in Armour
  1439 | D:2      | Found a faded altar of an unknown god.
  1491 | D:2      | Reached XP level 4. HP: 34/34 MP: 4/4
  2318 | D:3      | Learned a level 2 spell: Blink
  2895 | D:3      | Found an iron altar of Okawaru.
  2905 | D:3      | Became a worshipper of Warmaster Okawaru
  3168 | D:3      | Reached skill level 5 in Dodging
  3168 | D:3      | Reached XP level 5. HP: 27/41 MP: 5/5
  3683 | D:4      | Noticed Eustachio
  3729 | D:5      | Entered Level 5 of the Dungeon
  3729 | D:5      | Noticed a sky beast
  3729 | D:5      | Found an ornate altar of the Wu Jian Council.
  3743 | D:4      | Killed a sky beast
  3744 | D:4      | Reached skill level 6 in Polearms
  3744 | D:4      | Reached skill level 1 in Translocations
  3744 | D:4      | Reached XP level 6. HP: 37/48 MP: 6/6
  3889 | D:4      | Noticed an ice beast
  3923 | D:4      | Killed an ice beast
  3923 | D:4      | Reached * piety under Okawaru
  3971 | D:5      | Reached XP level 7. HP: 54/54 MP: 7/7
  4396 | D:5      | Found a glowing golden altar of the Shining One.
  4396 | D:5      | Found a broken altar of Ashenzari.
  4397 | D:5      | Found a white marble altar of Elyvilon.
  4450 | D:5      | Found a stormy altar of Qazlal.
  4519 | D:5      | Reached skill level 7 in Polearms
  4690 | D:5      | Reached XP level 8. HP: 55/61 MP: 8/8
  4747 | D:5      | Reached ** piety under Okawaru
  5098 | D:5      | Reached skill level 5 in Fighting
  5137 | D:4      | Noticed Robin
  5269 | D:4      | Killed Robin
  5358 | D:4      | Noticed Dowan
  5360 | D:4      | Noticed Duvessa
  5844 | D:6      | Reached skill level 8 in Polearms
  5975 | D:6      | Noticed an eight-headed hydra
  6003 | D:7      | Found a hide-covered altar of Uskayaw.
  6171 | D:7      | Reached *** piety under Okawaru
  6192 | D:7      | Reached XP level 9. HP: 37/69 MP: 9/9
  6344 | D:7      | Noticed a boulder beetle
  7206 | D:4      | Killed Eustachio
  7207 | D:4      | Reached skill level 9 in Polearms
  7375 | D:4      | Noticed Sigmund
  7398 | D:4      | Killed Sigmund
  7428 | D:4      | Reached **** piety under Okawaru
  7455 | D:4      | Found a blossoming altar of Fedhas.
  8527 | D:7      | Found a staircase to the Ecumenical Temple.
  8570 | Temple   | Entered the Ecumenical Temple
  8743 | D:8      | Identified the +0 robe "Xixesm" {Fly Dex+2}
  9033 | D:8      | Noticed a manticore
  9045 | D:8      | Killed a manticore
  9046 | D:8      | Reached XP level 10. HP: 52/79 MP: 10/10
  9249 | D:8      | Noticed Pikel
  9261 | D:8      | Killed Pikel
  9262 | D:8      | Reached skill level 10 in Polearms
  9297 | D:8      | Learned a level 3 spell: Gell's Gravitas
  9519 | D:9      | Reached skill level 5 in Translocations
  9637 | D:9      | Reached ***** piety under Okawaru
  9638 | D:9      | Reached skill level 5 in Armour
  9641 | D:9      | Received a gift from Okawaru
  9840 | D:9      | Reached skill level 10 in Dodging
  9856 | D:9      | Reached skill level 11 in Polearms
 10146 | D:9      | Noticed Triskal's ghost (journeyman DjGl)
 10173 | D:9      | Found a transporter.
 10177 | D:9      | Found a transporter.
 10408 | D:9      | Noticed a two-headed ogre
 10414 | D:9      | Killed a two-headed ogre
 10414 | D:9      | Received a gift from Okawaru
 10415 | D:9      | Reached XP level 11. HP: 54/87 MP: 11/11
 10685 | D:10     | Entered Level 10 of the Dungeon
 10788 | D:10     | Noticed Nergalle
 10832 | D:10     | Noticed a spectral orc warlord
 10834 | D:10     | Noticed a spectral orc warlord
 10935 | D:10     | Found a staircase to the Orcish Mines.
 11096 | D:10     | Received a gift from Okawaru
 11135 | D:10     | Killed Nergalle
 11136 | D:10     | Reached skill level 12 in Polearms
 11632 | D:11     | Found a staircase to the Lair.
 11634 | D:11     | Noticed a two-headed ogre
 11661 | D:11     | Noticed a two-headed ogre
 11663 | D:11     | Killed a two-headed ogre
 11664 | D:11     | Reached skill level 1 in Spellcasting
 11664 | D:11     | Noticed a two-headed ogre
 11676 | D:10     | Killed a two-headed ogre
 11841 | D:11     | Noticed a cyclops
 11841 | D:11     | Noticed a centaur warrior
 11851 | D:10     | Killed a cyclops
 11932 | D:11     | Received a gift from Okawaru
 12060 | D:11     | Noticed a two-headed ogre
 12060 | D:11     | Noticed a two-headed ogre
 12061 | D:11     | Noticed an ogre mage
 12457 | D:4      | Killed Dowan
 12464 | D:4      | Killed Duvessa
 13030 | D:4      | Found a blossoming altar of Fedhas.
 13361 | D:7      | Killed a boulder beetle
 13643 | D:7      | Reached XP level 12. HP: 77/96 MP: 15/15
 13980 | Orc:1    | Entered Level 1 of the Orcish Mines
 13995 | Orc:1    | Found Doehagel's Distillery.
 14052 | Orc:1    | Bought a potion of lignification for 36 gold pieces
 14454 | Orc:1    | HP: 2/97 [orc knight (29)]
 14454 | Orc:1    | Slain by an orc priest

Illustrated notes

Levels and vault maps discovered:
D:1:      beargit_arrival_diablo_church, layout_loops_corners
D:2:      layout_loops_corners, hellmonk_ecumenical_altar_lost_god, uniq_jessica
D:3:      layout_basic, mainiacjoe_overflow_paths
D:4:      layout_basic, fedhas_altar_1, uniq_sigmund, uniq_robin,
          uniq_eustachio, uniq_duvessa
D:5:      layout_loops_ring, lemuel_crystal_altar,
          gammafunk_temple_overflow_forgotten, nicolae_qazlal_scattered_showers
D:6:      layout_basic, kennysheep_small_spiral
D:7:      cheibrodos_helix_gallery, layout_cave_pools, amcnicky_altar_gilded,
          minmay_temple_entry_sparse_star
D:8:      layout_loops_ring, uniq_pikel
D:9:      layout_roguey, serial_undead, serial_undead_a, serial_undead_a,
          serial_undead_b, serial_undead_d, gammafunk_ghost_hive,
          roderic_st_hans_cross, nicolae_figureground_pulse
D:10:     layout_long_grid, zombieorc2_lemuel, uniq_nergalle
D:11:     layout_rooms, due_lair_maze_entry_diamond, solitary_fountain
Temple:   dpeg_chambers_temple
Orc:1:    cheibrodos_orc_arena, layout_diamond_mine, serial_shops, shop,
          nicolae_shop_trees, mines3_lemuel

Skill      XL: |  1  2  3  4  5  6  7  8  9 10 11 |
---------------+----------------------------------+-----
Polearms       | 5 6 7 8 9 11 12 | 12.8
Armour         | 1 2 3 4 5 6 |  6.4
Fighting       | 3 4 5 7 8 9 |  9.6
Dodging        | 5 6 7 9 10 | 10.7
Translocations | 1 2 3 4 6 |  6.9
Throwing       | 4 |  4.3
Spellcasting   | 2 |  2.5

Action                   |  1- 3 |  4- 6 |  7- 9 | 10-12 || total
-------------------------+-------+-------+-------+-------++-------
Melee: Trident           |    83 |   114 |   281 |       ||   478
       Spear             |       |       |   113 |   375 ||   488
       Punch             |       |       |       |     3 ||     3
Throw: Dart              |       |     3 |    32 |     4 ||    39
       Boomerang         |       |       |     6 |     7 ||    13
 Cast: Blink             |       |       |     1 |       ||     1
Invok: Heroism           |       |       |       |     5 ||     5
Evoke: Wand              |       |     6 |     7 |     7 ||    20
  Use: Scroll            |       |       |     7 |     2 ||     9
 Stab: Sleeping          |     4 |       |       |       ||     4
       Distracted        |       |       |       |     8 ||     8
Armor: Leather armour    |     8 |       |       |       ||     8
       Ring mail         |    17 |    27 |   129 |    42 ||   215
Dodge: Dodged            |    58 |    56 |   237 |   247 ||   598

Table legend: (Time is in decaauts)
 A = Elapsed time spent in this place.
 B = Non-inter-level travel time spent in this place.
 C = Inter-level travel time spent in this place.
 D = Time resting spent in this place.
 E = Time spent auto-exploring this place.
 F = Levels seen in this place.
 G = Mean time per level.
                   A        B        C        D        E       F      G
               +--------+--------+--------+--------+--------+-----+--------+
         Total |  14231 |  13618 |    613 |   2849 |   4781 |  13 | 1094.7 |
       Dungeon |  14017 |  13404 |    613 |   2849 |   4781 |  11 | 1274.3 |
        Temple |      5 |      5 |      0 |      0 |      0 |   1 |    5.0 |
  Orcish Mines |    208 |    208 |      0 |      0 |      0 |   1 |  208.0 |
               +--------+--------+--------+--------+--------+-----+--------+

Top non-repeatable levels by time:
     D:4: 1995 daAuts
     D:5: 1633 daAuts
     D:6: 1537 daAuts
    D:10: 1518 daAuts
     D:7: 1446 daAuts
     D:2: 1246 daAuts
     D:9: 1182 daAuts
     D:3: 1169 daAuts
     D:8: 1112 daAuts
     D:1: 1081 daAuts
   Orc:1: 208 daAuts
    D:11: 96 daAuts
  Temple: 5 daAuts
